Phantoms vs Gulls
Created - February 11, 2025 at 20:27
Goals
|
| Phantoms |
2 |
1 |
1 |
4 |
| Gulls |
2 |
3 |
1 |
6 |
|
Shots
|
| Phantoms |
13 |
17 |
7 |
37 |
| Gulls |
12 |
5 |
6 |
23 |
|
1st period
1. Phantoms , Rem Pitlick 15 (Cristoval Nieves 22, Mikko Lehtonen 15) at 3:27 (PP)
2. Gulls , Kailer Yamamoto 16 (Tarmo Reunanen 9, Anton Blidh 28) at 10:12
3. Gulls , Anton Blidh 23 (Logan Brown 49, Kailer Yamamoto 26) at 12:20
4. Phantoms , J.T. Brown 10 (Cristoval Nieves 23, Rem Pitlick 30) at 14:56
Penalties :
Barrett Hayton (S.D) for Hooking (Minor) at 2:51, Anton Blidh (S.D) for Interference (Minor) at 5:12
2nd period
5. Gulls , Scott Wilson 16 (Dylan DeMelo 11, Barrett Hayton 4) at 1:04
6. Gulls , Jakub Vrana 24 (Morgan Frost 21, Dylan DeMelo 12) at 2:47
7. Gulls , Logan Brown 16 (Kailer Yamamoto 27) at 6:14
8. Phantoms , Cristoval Nieves 16 (Mikko Lehtonen 16, Rem Pitlick 31) at 13:43 (PP)
Penalties :
Jakub Vrana (S.D) for Tripping (Minor) at 7:31, Sergey Tolchinsky (S.D) for Slashing (Double Minor) at 12:33
3rd period
9. Phantoms , Morgan Klimchuk 9 (Lucas Wallmarkk 40, Joe Snively 45) at 14:50
10. Gulls , Jakub Vrana 25 (Anton Blidh 29, Logan Brown 50) at 19:44 (Empty Net)
Penalties :
Lucas Wallmarkk (Leh) for Tripping (Minor) at 1:59, J.T. Brown (Leh) for Roughing (Minor) at 15:11, Anton Blidh (S.D) for Slashing (Minor) at 16:42
Goalie Stats
Zachary Fucale (Leh), 12 saves from 17 shots - (0.706), L, 17-15-3, 26:14 minutes
Kevin Lankinen (Leh), 5 saves from 5 shots - (1.000), 32:53 minutes
Louis Domingue (S.D), 33 saves from 37 shots - (0.892), W, 15-10-7, 60:00 minutes
Players Stats for Phantoms
Player Name G A P +/- PIM S H SB GA TA FO MP PP MP PK MP
------------------------------------------------------------------------------------
A.J. Greer 0 0 0 -1 0 1 2 0 0 0 0/0 10:23 0:00 0:53
Andrey Pedan 0 0 0 1 0 0 4 1 0 0 0/0 20:11 3:38 1:29
Blake Heinrich 0 0 0 -4 0 4 1 2 1 2 0/0 28:28 5:36 2:01
Brett Murray 0 0 0 0 0 1 0 0 0 0 0/0 7:38 0:00 0:00
Cristoval Nieves 1 2 3 -3 0 2 0 0 0 0 8/21 19:36 3:21 1:24
David Kampf 0 0 0 -1 0 2 2 0 0 0 3/5 9:38 0:01 0:00
J.T. Brown 1 0 1 -2 2 1 1 0 0 0 0/0 17:13 3:22 0:00
Joe Snively 0 1 1 -1 0 6 2 1 0 0 0/1 21:40 5:52 0:00
Laurent Dauphin 0 0 0 0 0 2 2 0 0 0 1/2 7:38 0:00 0:00
Lucas Wallmarkk 0 1 1 0 2 3 1 1 2 1 11/24 22:11 5:52 0:52
Matt Kiersted 0 0 0 -1 0 3 1 0 0 0 0/0 12:50 0:00 1:29
Mikko Lehtonen 0 2 2 -4 0 2 2 1 0 2 0/0 25:55 5:36 0:00
Morgan Klimchuk 1 0 1 -1 0 2 2 0 0 1 2/2 23:25 5:51 2:11
Nick Sorensen 0 0 0 -1 0 0 0 0 0 1 0/0 10:07 0:02 0:00
Oliver Wahlstrom 0 0 0 0 0 0 1 0 0 0 0/0 7:38 0:00 0:00
Rem Pitlick 1 2 3 -2 0 6 0 0 1 0 2/3 18:53 3:21 1:40
Riley Stillman 0 0 0 -1 0 0 0 1 0 0 0/0 11:21 0:00 0:00
Rinat Valiev 0 0 0 1 0 2 0 2 1 2 0/0 21:15 3:38 2:01
Players Stats for Gulls
Player Name G A P +/- PIM S H SB GA TA FO MP PP MP PK MP
------------------------------------------------------------------------------------
Andrei Mironov 0 0 0 2 0 0 3 2 1 0 0/0 22:34 1:46 0:14
Anton Blidh 1 2 3 4 4 3 3 0 1 0 1/1 20:00 2:00 1:56
Barrett Hayton 0 1 1 0 2 1 3 0 1 0 0/1 9:08 0:00 1:28
Connor Clifton 0 0 0 -1 0 0 1 0 0 0 0/0 15:30 0:00 2:41
Dean Kukan 0 0 0 2 0 1 0 4 2 2 0/0 27:31 1:46 6:33
Dylan DeMelo 0 2 2 3 0 1 2 2 0 0 0/0 19:37 1:44 2:22
Jack Glover 0 0 0 3 0 0 0 2 1 0 0/0 16:59 1:44 0:00
Jakub Vrana 2 0 2 2 2 3 3 1 0 0 0/1 14:29 1:29 0:04
Kailer Yamamoto 1 2 3 3 0 1 0 0 0 0 0/0 17:01 2:01 0:00
Logan Brown 1 2 3 4 0 4 2 0 0 0 7/16 17:50 2:01 0:00
Luke Kunin 0 0 0 -1 0 1 2 0 0 0 8/16 16:53 0:00 5:12
Mikhail Maltsev 0 0 0 -1 0 1 1 1 1 0 0/1 12:39 0:00 1:28
Morgan Frost 0 1 1 1 0 0 2 1 0 0 12/17 15:50 1:29 2:30
Pavel Dorofeyev 0 0 0 0 0 0 0 0 0 0 0/0 7:27 0:00 0:03
Scott Wilson 1 0 1 0 0 3 1 0 0 1 1/1 10:20 0:00 2:28
Sergey Tolchinsky 0 0 0 1 4 3 2 0 2 1 1/3 17:25 1:29 3:19
Tarmo Reunanen 0 1 1 -1 0 0 0 4 0 1 0/0 17:49 0:00 6:38
Troy Terry 0 0 0 -1 0 1 1 1 0 0 1/1 11:11 0:00 0:00
3 Stars
1 - Logan Brown (S.D)
2 - Kailer Yamamoto (S.D)
3 - Anton Blidh (S.D)
Power Play
Phantoms - 2 on 6 Attempt(s) - 33.33%
Gulls - 0 on 2 Attempt(s) - 0.00%
Penalty Kill
Phantoms - 2 on 2 Attempt(s) - 100.00%
- Score 0 goal in Penalty Kill
Gulls - 4 on 6 Attempt(s) - 66.67%
- Score 0 goal in Penalty Kill
Team Stat
Phantoms - Hits : 21 - Faceoff Wins : 27 - Blocked Shots : 9 - Penalty Minutes : 4
Gulls - Hits : 26 - Faceoff Wins : 31 - Blocked Shots : 18 - Penalty Minutes : 12
Official
Referees : Beaudry Halkidis and Francois St. Laurent
Linesman : Michel Cormier and Steve Miller
Game Notes
Kevin Lankinen enters game at 6:14 of 2nd period
Jakub Vrana has scored in a empty net!
Finance
Level 1 -- Attendance: 1948 (97.40%) -- Ticket Income $136,360
Level 2 -- Attendance: 844 (84.40%) -- Ticket Income $33,760
Total Attendance: 2792 (93.07%)
Total Ticket Income: $170,120
Other Income: $8,506
Total Income: $178,626
Phantoms
5 vs 5 Forward
Center Left Wing Right Wing Time % Phy DF OF
1 Lucas Wallmarkk Joe Snively Morgan Klimchuk 42 1 1 3
2 Cristoval Nieves J.T. Brown Rem Pitlick 33 1 1 3
3 David Kampf Nick Sorensen A.J. Greer 20 1 3 1
4 Laurent Dauphin Brett Murray Oliver Wahlstrom 5 1 3 1
5 vs 5 Defense
Defense Defense Time % Phy DF OF
1 Blake Heinrich Mikko Lehtonen 45 0 2 3
2 Andrey Pedan Rinat Valiev 35 0 2 3
3 Riley Stillman Matt Kiersted 20 1 3 1
4 Riley Stillman Matt Kiersted 0 1 3 1
PowerPlay Forward
Center Left Wing Right Wing Time % Phy DF OF
1 Lucas Wallmarkk Joe Snively Morgan Klimchuk 60 0 1 4
2 Cristoval Nieves J.T. Brown Rem Pitlick 40 0 1 4
PowerPlay Defense
Defense Defense Time % Phy DF OF
1 Blake Heinrich Mikko Lehtonen 60 0 1 4
2 Andrey Pedan Rinat Valiev 40 0 1 4
Penalty Kill 4 Players Forward
Center Wing Time % Phy DF OF
1 Lucas Wallmarkk Morgan Klimchuk 60 1 4 0
2 Cristoval Nieves J.T. Brown 40 1 4 0
Penalty Kill 4 Players Defense
Defense Defense Time % Phy DF OF
1 Blake Heinrich Rinat Valiev 60 1 4 0
2 Andrey Pedan Matt Kiersted 40 1 4 0
Penalty Kill - 3 Players Forward
Forward Time % Phy DF OF
1 Lucas Wallmarkk 60 1 4 0
2 J.T. Brown 40 1 4 0
Penalty Kill - 3 Players Defense
Defense Defense Time % Phy DF OF
1 Blake Heinrich Rinat Valiev 60 1 4 0
2 Andrey Pedan Matt Kiersted 40 1 4 0
4 vs 4 Forward
Center Wing Time % Phy DF OF
1 Lucas Wallmarkk Nick Sorensen 60 1 2 2
2 Cristoval Nieves Morgan Klimchuk 40 1 2 2
4 vs 4 Defense
Defense Defense Time % Phy DF OF
1 Blake Heinrich Mikko Lehtonen 60 1 2 2
2 Andrey Pedan Rinat Valiev 40 1 2 2
Last Minutes Offensive
Center Left Wing Right Wing Defense Defense
Lucas Wallmarkk Joe Snively Morgan Klimchuk Blake Heinrich Mikko Lehtonen
Last Minutes Defensive
Center Left Wing Right Wing Defense Defense
Lucas Wallmarkk J.T. Brown Morgan Klimchuk Blake Heinrich Rinat Valiev
Goaltenders
Starting : Zachary Fucale
Backup : Kevin Lankinen
Extra Forwards
Normal : Cristoval Nieves, J.T. Brown, Nick Sorensen - PP : Morgan Klimchuk, Rem Pitlick - PK : Rem Pitlick
Extra Defensemen
Normal : Blake Heinrich, Rinat Valiev, Andrey Pedan - PP : Mikko Lehtonen - PK : Blake Heinrich, Rinat Valiev
Penalty Shots
Rem Pitlick, Nick Sorensen, Morgan Klimchuk, Joe Snively, Cristoval Nieves
Custom OT Lines Forwards
Morgan Klimchuk, Joe Snively, Lucas Wallmarkk, J.T. Brown, Cristoval Nieves, Rem Pitlick, Nick Sorensen, David Kampf, Oliver Wahlstrom, A.J. Greer
Custom OT Lines Defensemen
Blake Heinrich, Mikko Lehtonen, Andrey Pedan, Rinat Valiev, Matt Kiersted
Scratches
Anthony Angello (Healthy), Benoit-Olivier Groulx (Healthy), Cooper Marody (Healthy), Ty Smith (Healthy), Victor Berglund (Healthy)
Fabian Zetterlund (Healthy), Sven Andrighetto (Right Hip Injury), David Gustafsson (Healthy), Josiah Slavin (Healthy), Cam York (Healthy)
Kaedan Korczak (Healthy), Danil Zhuravlyov (Healthy), Alex Beaucage (Healthy), Arsen Khisamutdinov (Healthy), Jacob Ingham (Healthy)
Zachary Sawchenko (Healthy)
Gulls
5 vs 5 Forward
Center Left Wing Right Wing Time % Phy DF OF
1 Logan Brown Anton Blidh Kailer Yamamoto 35 0 2 3
2 Morgan Frost Sergey Tolchinsky Jakub Vrana 30 0 2 3
3 Luke Kunin Mikhail Maltsev Troy Terry 25 0 2 3
4 Barrett Hayton Pavel Dorofeyev Scott Wilson 10 1 2 2
5 vs 5 Defense
Defense Defense Time % Phy DF OF
1 Dean Kukan Andrei Mironov 40 1 2 2
2 Dylan DeMelo Jack Glover 30 1 2 2
3 Connor Clifton Tarmo Reunanen 20 1 2 2
4 Dean Kukan Andrei Mironov 10 1 2 2
PowerPlay Forward
Center Left Wing Right Wing Time % Phy DF OF
1 Logan Brown Anton Blidh Kailer Yamamoto 60 0 1 4
2 Morgan Frost Sergey Tolchinsky Jakub Vrana 40 0 1 4
PowerPlay Defense
Defense Defense Time % Phy DF OF
1 Dean Kukan Andrei Mironov 60 1 2 2
2 Dylan DeMelo Jack Glover 40 1 2 2
Penalty Kill 4 Players Forward
Center Wing Time % Phy DF OF
1 Luke Kunin Sergey Tolchinsky 60 1 2 2
2 Morgan Frost Scott Wilson 40 1 2 2
Penalty Kill 4 Players Defense
Defense Defense Time % Phy DF OF
1 Dean Kukan Tarmo Reunanen 60 1 2 2
2 Dylan DeMelo Connor Clifton 40 1 2 2
Penalty Kill - 3 Players Forward
Forward Time % Phy DF OF
1 Barrett Hayton 60 1 2 2
2 Morgan Frost 40 1 2 2
Penalty Kill - 3 Players Defense
Defense Defense Time % Phy DF OF
1 Connor Clifton Andrei Mironov 60 1 2 2
2 Tarmo Reunanen Jack Glover 40 1 2 2
4 vs 4 Forward
Center Wing Time % Phy DF OF
1 Logan Brown Scott Wilson 60 1 2 2
2 Morgan Frost Troy Terry 40 1 2 2
4 vs 4 Defense
Defense Defense Time % Phy DF OF
1 Connor Clifton Tarmo Reunanen 60 1 2 2
2 Dylan DeMelo Jack Glover 40 1 2 2
Last Minutes Offensive
Center Left Wing Right Wing Defense Defense
Logan Brown Anton Blidh Jakub Vrana Dean Kukan Andrei Mironov
Last Minutes Defensive
Center Left Wing Right Wing Defense Defense
Logan Brown Anton Blidh Jakub Vrana Dean Kukan Andrei Mironov
Goaltenders
Starting : Louis Domingue
Backup : Eamon McAdam
Extra Forwards
Normal : Anton Blidh, Jakub Vrana, Kailer Yamamoto - PP : Jakub Vrana, Anton Blidh - PK : Sergey Tolchinsky
Extra Defensemen
Normal : Connor Clifton, Tarmo Reunanen, Dean Kukan - PP : Connor Clifton - PK : Tarmo Reunanen, Dean Kukan
Penalty Shots
Jakub Vrana, Logan Brown, Scott Wilson, Anton Blidh, Sergey Tolchinsky
Custom OT Lines Forwards
Jakub Vrana, Logan Brown, Kailer Yamamoto, Anton Blidh, Sergey Tolchinsky, Troy Terry, Morgan Frost, Luke Kunin, Scott Wilson, Pavel Dorofeyev
Custom OT Lines Defensemen
Dean Kukan, Andrei Mironov, Dylan DeMelo, Jack Glover, Connor Clifton
Scratches
Branden Troock (Healthy), Damien Giroux (Healthy), Jake Pivonka (Healthy), Francis Perron (Healthy), Henri Ikonen (Right Forearm Injury)
Nick Merkley (Healthy), Ryan Collins (Healthy), Taylor Leier (Healthy), MacKenzie Entwistle (Healthy), Zack MacEwen (Healthy)
Niklas Nordgren (Healthy), John Beecher (Healthy), Massimo Rizzo (Healthy), Markus Niemelainen (Healthy), Drew Helleson (Healthy)
Alexis Gravel (Healthy), Connor Ingram (Healthy), Mads Sogaard (Healthy)
% Time on Ice - Phantoms
Lines # - Real PCT - Wanted PCT - Time Play
Normal Forward
1 - 33% - 42% - 15:22
2 - 30% - 33% - 13:52
3 - 20% - 20% - 9:12
4 - 17% - 5% - 7:38
Normal Defense
1 - 43% - 45% - 19:47
2 - 33% - 35% - 15:04
3 - 24% - 20% - 10:55
4 - 1% - 0% - 0:18
PP Forward
1 - 64% - 60% - 5:53
2 - 36% - 40% - 3:21
PP Defense
1 - 61% - 60% - 5:36
2 - 39% - 40% - 3:38
PK Forward
1 - 86% - 60% - 3:01
2 - 14% - 40% - 0:29
PK Defense
1 - 58% - 60% - 2:01
2 - 42% - 40% - 1:29
PK3 Forward
1 - 0% - 60%
2 - 0% - 40%
PK3 Defense
1 - 0% - 60%
2 - 0% - 40%
44 Forward
1 - 100% - 60% - 0:28
2 - 0% - 40% - 0:00
44 Defense
1 - 100% - 60% - 0:28
2 - 0% - 40% - 0:00
Last Minute Offensive - 0:44
Last Minute Defensive - 0:00
Total
Forward - 60:00
Defense - 60:00
|
% Time on Ice - Gulls
Lines # - Real PCT - Wanted PCT - Time Play
Normal Forward
1 - 34% - 35% - 15:30
2 - 26% - 30% - 12:08
3 - 24% - 25% - 11:11
4 - 16% - 10% - 7:24
Normal Defense
1 - 38% - 40% - 17:45
2 - 34% - 30% - 15:43
3 - 22% - 20% - 10:01
4 - 6% - 10% - 2:44
PP Forward
1 - 58% - 60% - 2:01
2 - 42% - 40% - 1:29
PP Defense
1 - 50% - 60% - 1:46
2 - 50% - 40% - 1:44
PK Forward
1 - 74% - 60% - 6:50
2 - 26% - 40% - 2:24
PK Defense
1 - 74% - 60% - 6:52
2 - 26% - 40% - 2:22
PK3 Forward
1 - 0% - 60%
2 - 0% - 40%
PK3 Defense
1 - 0% - 60%
2 - 0% - 40%
44 Forward
1 - 100% - 60% - 0:28
2 - 0% - 40% - 0:00
44 Defense
1 - 100% - 60% - 0:28
2 - 0% - 40% - 0:00
Last Minute Offensive - 0:00
Last Minute Defensive - 0:35
Total
Forward - 60:00
Defense - 60:00
|
Play-by-Play
1st period
0:01 of 1st period - Lucas Wallmarkk wins face-off versus Logan Brown in neutral zone.
0:52 of 1st period - Slapshot by Luke Kunin.
0:52 of 1st period - Stopped by Zachary Fucale with a rebound.
0:54 of 1st period - Slapshot by Dean Kukan.
0:54 of 1st period - Stopped by Zachary Fucale with a rebound.
1:06 of 1st period - Brett Murray is hit by Scott Wilson and loses puck.
1:31 of 1st period - Slapshot by Lucas Wallmarkk.
1:31 of 1st period - Shot Misses the Net.
1:33 of 1st period - Snap shot by Lucas Wallmarkk.
1:33 of 1st period - Shot Blocked by Dylan DeMelo.
1:35 of 1st period - Slapshot by Andrey Pedan.
1:35 of 1st period - Shot Misses the Net.
1:53 of 1st period - Wrist shot by Jakub Vrana.
1:53 of 1st period - Stopped by Zachary Fucale with a rebound.
2:44 of 1st period - Mikko Lehtonen is hit by Barrett Hayton and loses puck.
2:51 of 1st period - Minor Penalty to Barrett Hayton for Hooking.
2:52 of 1st period - Luke Kunin wins face-off versus Joe Snively in Gulls zone.
2:57 of 1st period - Wrist shot by Joe Snively.
2:57 of 1st period - Stopped by Louis Domingue with a rebound.
2:59 of 1st period - Snap shot by Morgan Klimchuk.
2:59 of 1st period - Shot Blocked by Dean Kukan.
3:01 of 1st period - Wrist shot by Morgan Klimchuk.
3:01 of 1st period - Shot Blocked by Dean Kukan.
3:03 of 1st period - Slapshot by Blake Heinrich.
3:03 of 1st period - Stopped by Louis Domingue with a rebound.
3:05 of 1st period - Wrist shot by Joe Snively.
3:05 of 1st period - Shot Misses the Net.
3:07 of 1st period - Snap shot by Morgan Klimchuk.
3:07 of 1st period - Shot Blocked by Dean Kukan.
3:27 of 1st period - Wrist shot by Rem Pitlick.
3:27 of 1st period - Goal by Rem Pitlick - Phantoms : 1 - Gulls : 0.
3:28 of 1st period - Sergey Tolchinsky wins face-off versus Lucas Wallmarkk in neutral zone.
3:30 of 1st period - Off-side.
3:31 of 1st period - Morgan Frost wins face-off versus Lucas Wallmarkk in neutral zone.
3:44 of 1st period - Wrist shot by Jakub Vrana.
3:44 of 1st period - Deflect By Sergey Tolchinsky.
3:44 of 1st period - Stopped by Zachary Fucale with a rebound.
3:46 of 1st period - Slapshot by Dylan DeMelo.
3:46 of 1st period - Stopped by Zachary Fucale with a rebound.
4:50 of 1st period - Snap shot by Rem Pitlick.
4:50 of 1st period - Stopped by Louis Domingue without a rebound.
4:51 of 1st period - David Kampf wins face-off versus Logan Brown in Gulls zone.
5:12 of 1st period - Minor Penalty to Anton Blidh for Interference.
5:13 of 1st period - Cristoval Nieves wins face-off versus Luke Kunin in Gulls zone.
6:47 of 1st period - Blake Heinrich is hit by Morgan Frost and loses puck.
7:12 of 1st period - Penalty to Anton Blidh is over, Anton Blidh is back on ice.
7:17 of 1st period - Andrey Pedan is hit by Logan Brown and loses puck.
7:30 of 1st period - Nick Sorensen is hit by Anton Blidh.
8:16 of 1st period - Wrist shot by Kailer Yamamoto.
8:16 of 1st period - Shot Hit the Post.
8:18 of 1st period - Wrist shot by Logan Brown.
8:18 of 1st period - Deflect By Kailer Yamamoto.
8:18 of 1st period - Shot Misses the Net.
8:18 of 1st period - Puck is out of play.
8:19 of 1st period - Logan Brown wins face-off versus Laurent Dauphin in Phantoms zone.
8:34 of 1st period - Snap shot by Anton Blidh.
8:34 of 1st period - Shot Misses the Net.
8:36 of 1st period - Slapshot by Connor Clifton.
8:36 of 1st period - Shot Misses the Net.
8:38 of 1st period - Slapshot by Connor Clifton.
8:38 of 1st period - Shot Blocked by Mikko Lehtonen.
8:44 of 1st period - Snap shot by Anton Blidh.
8:44 of 1st period - Shot Misses the Net.
8:46 of 1st period - Snap shot by Anton Blidh.
8:46 of 1st period - Shot Misses the Net.
8:54 of 1st period - Slapshot by Logan Brown.
8:54 of 1st period - Stopped by Zachary Fucale without a rebound.
8:55 of 1st period - Cristoval Nieves wins face-off versus Sergey Tolchinsky in Phantoms zone.
9:06 of 1st period - Snap shot by Sergey Tolchinsky.
9:06 of 1st period - Shot Misses the Net.
9:08 of 1st period - Wrist shot by Jack Glover.
9:08 of 1st period - Shot Misses the Net.
9:10 of 1st period - Snap shot by Jakub Vrana.
9:10 of 1st period - Shot Misses the Net.
9:45 of 1st period - Snap shot by David Kampf.
9:45 of 1st period - Stopped by Louis Domingue with a rebound.
9:47 of 1st period - Wrist shot by A.J. Greer.
9:47 of 1st period - Stopped by Louis Domingue with a rebound.
9:49 of 1st period - Slapshot by Matt Kiersted.
9:49 of 1st period - Stopped by Louis Domingue with a rebound.
9:51 of 1st period - Backhand shot by A.J. Greer.
9:51 of 1st period - Shot Misses the Net.
10:00 of 1st period - Off-side.
10:01 of 1st period - Logan Brown wins face-off versus Cristoval Nieves in neutral zone.
10:08 of 1st period - Snap shot by Anton Blidh.
10:08 of 1st period - Shot Misses the Net.
10:10 of 1st period - Slapshot by Tarmo Reunanen.
10:10 of 1st period - Shot Misses the Net.
10:12 of 1st period - Snap shot by Kailer Yamamoto.
10:12 of 1st period - Goal by Kailer Yamamoto - Phantoms : 1 - Gulls : 1.
10:13 of 1st period - Rem Pitlick wins face-off versus Jakub Vrana in neutral zone.
10:22 of 1st period - Snap shot by Sergey Tolchinsky.
10:22 of 1st period - Stopped by Zachary Fucale without a rebound.
10:23 of 1st period - Morgan Frost wins face-off versus Cristoval Nieves in Phantoms zone.
10:44 of 1st period - Wrist shot by Rem Pitlick.
10:44 of 1st period - Stopped by Louis Domingue with a rebound.
10:48 of 1st period - Snap shot by Rem Pitlick.
10:48 of 1st period - Deflect By J.T. Brown.
10:48 of 1st period - Shot Misses the Net.
10:48 of 1st period - Puck is out of play.
10:49 of 1st period - Luke Kunin wins face-off versus Lucas Wallmarkk in Gulls zone.
10:54 of 1st period - Joe Snively is hit by Troy Terry and loses puck.
11:02 of 1st period - Off-side.
11:03 of 1st period - Morgan Frost wins face-off versus Lucas Wallmarkk in neutral zone.
11:15 of 1st period - Wrist shot by Joe Snively.
11:15 of 1st period - Stopped by Louis Domingue without a rebound.
11:16 of 1st period - Morgan Frost wins face-off versus Lucas Wallmarkk in Gulls zone.
12:00 of 1st period - Snap shot by Joe Snively.
12:00 of 1st period - Stopped by Louis Domingue with a rebound.
12:18 of 1st period - Snap shot by Logan Brown.
12:18 of 1st period - Shot Blocked by Joe Snively.
12:20 of 1st period - Snap shot by Anton Blidh.
12:20 of 1st period - Goal by Anton Blidh - Phantoms : 1 - Gulls : 2.
12:21 of 1st period - Troy Terry wins face-off versus Cristoval Nieves in neutral zone.
12:36 of 1st period - Slapshot by Luke Kunin.
12:36 of 1st period - Shot Misses the Net.
12:46 of 1st period - Andrey Pedan is hit by Sergey Tolchinsky and loses puck.
13:17 of 1st period - Andrei Mironov is hit by Oliver Wahlstrom and loses puck.
13:57 of 1st period - Morgan Klimchuk is hit by Andrei Mironov and loses puck.
14:24 of 1st period - Snap shot by David Kampf.
14:24 of 1st period - Stopped by Louis Domingue with a rebound.
14:36 of 1st period - Slapshot by Rem Pitlick.
14:36 of 1st period - Stopped by Louis Domingue without a rebound.
14:37 of 1st period - Cristoval Nieves wins face-off versus Barrett Hayton in Gulls zone.
14:56 of 1st period - Snap shot by J.T. Brown.
14:56 of 1st period - Goal by J.T. Brown - Phantoms : 2 - Gulls : 2.
14:57 of 1st period - Luke Kunin wins face-off versus Lucas Wallmarkk in neutral zone.
15:53 of 1st period - Snap shot by Scott Wilson.
15:53 of 1st period - Shot Misses the Net.
16:07 of 1st period - Brett Murray is hit by Dylan DeMelo and loses puck.
16:12 of 1st period - Slapshot by Logan Brown.
16:12 of 1st period - Stopped by Zachary Fucale without a rebound.
16:13 of 1st period - Lucas Wallmarkk wins face-off versus Logan Brown in Phantoms zone.
16:20 of 1st period - Snap shot by Lucas Wallmarkk.
16:20 of 1st period - Shot Blocked by Tarmo Reunanen.
16:51 of 1st period - Wrist shot by Sergey Tolchinsky.
16:51 of 1st period - Shot Blocked by Blake Heinrich.
17:52 of 1st period - Snap shot by Scott Wilson.
17:52 of 1st period - Stopped by Zachary Fucale without a rebound.
17:53 of 1st period - Morgan Klimchuk wins face-off versus Logan Brown in Phantoms zone.
18:02 of 1st period - Snap shot by Joe Snively.
18:02 of 1st period - Deflect By Lucas Wallmarkk.
18:02 of 1st period - Shot Misses the Net.
18:02 of 1st period - Puck is out of play.
18:03 of 1st period - Logan Brown wins face-off versus Lucas Wallmarkk in Gulls zone.
18:30 of 1st period - Wrist shot by Anton Blidh.
18:30 of 1st period - Shot Blocked by Rinat Valiev.
18:32 of 1st period - Snap shot by Anton Blidh.
18:32 of 1st period - Stopped by Zachary Fucale with a rebound.
18:34 of 1st period - Snap shot by Kailer Yamamoto.
18:34 of 1st period - Shot Misses the Net.
18:42 of 1st period - Wrist shot by Logan Brown.
18:42 of 1st period - Shot Misses the Net.
18:44 of 1st period - Slapshot by Dylan DeMelo.
18:44 of 1st period - Shot Misses the Net.
19:11 of 1st period - Off-side.
19:12 of 1st period - Morgan Frost wins face-off versus Cristoval Nieves in neutral zone.
19:37 of 1st period - Mikko Lehtonen is hit by Barrett Hayton.
Goals for this period are 2 for Phantoms vs 2 for Gulls.
Shots for this period are 13 for Phantoms vs 12 for Gulls.
2nd period
0:01 of 2nd period - Morgan Frost wins face-off versus Cristoval Nieves in neutral zone.
0:26 of 2nd period - Mikhail Maltsev is hit by Morgan Klimchuk and loses puck.
1:04 of 2nd period - Snap shot by Scott Wilson.
1:04 of 2nd period - Goal by Scott Wilson - Phantoms : 2 - Gulls : 3.
1:05 of 2nd period - Morgan Frost wins face-off versus Cristoval Nieves in neutral zone.
1:08 of 2nd period - Cristoval Nieves is hit by Jakub Vrana and loses puck.
1:31 of 2nd period - Andrei Mironov is hit by Morgan Klimchuk and loses puck.
1:51 of 2nd period - Snap shot by Scott Wilson.
1:51 of 2nd period - Stopped by Zachary Fucale with a rebound.
1:55 of 2nd period - Wrist shot by Barrett Hayton.
1:55 of 2nd period - Shot Blocked by Riley Stillman.
2:03 of 2nd period - Wrist shot by David Kampf.
2:03 of 2nd period - Shot Blocked by Jack Glover.
2:05 of 2nd period - Slapshot by Riley Stillman.
2:05 of 2nd period - Shot Misses the Net.
2:25 of 2nd period - Jack Glover is hit by Mikko Lehtonen and loses puck.
2:36 of 2nd period - Blake Heinrich is hit by Sergey Tolchinsky and loses puck.
2:45 of 2nd period - Wrist shot by Morgan Frost.
2:45 of 2nd period - Shot Blocked by Blake Heinrich.
2:47 of 2nd period - Snap shot by Jakub Vrana.
2:47 of 2nd period - Goal by Jakub Vrana - Phantoms : 2 - Gulls : 4.
2:48 of 2nd period - Morgan Frost wins face-off versus Cristoval Nieves in neutral zone.
2:55 of 2nd period - Snap shot by J.T. Brown.
2:55 of 2nd period - Shot Blocked by Morgan Frost.
2:57 of 2nd period - Slapshot by Andrey Pedan.
2:57 of 2nd period - Shot Blocked by Andrei Mironov.
2:59 of 2nd period - Slapshot by Rinat Valiev.
2:59 of 2nd period - Deflect By Morgan Frost.
2:59 of 2nd period - Stopped by Louis Domingue without a rebound.
3:00 of 2nd period - Luke Kunin wins face-off versus Lucas Wallmarkk in Gulls zone.
3:31 of 2nd period - Mikhail Maltsev is hit by A.J. Greer and loses puck.
4:19 of 2nd period - Off-side.
4:20 of 2nd period - Lucas Wallmarkk wins face-off versus Morgan Frost in neutral zone.
4:42 of 2nd period - Icing by Rinat Valiev.
4:43 of 2nd period - Cristoval Nieves wins face-off versus Logan Brown in Phantoms zone.
4:48 of 2nd period - Slapshot by Rinat Valiev.
4:48 of 2nd period - Deflect By Jack Glover.
4:48 of 2nd period - Stopped by Louis Domingue without a rebound.
4:49 of 2nd period - Cristoval Nieves wins face-off versus Logan Brown in Gulls zone.
5:07 of 2nd period - Wrist shot by Cristoval Nieves.
5:07 of 2nd period - Shot Blocked by Jack Glover.
5:09 of 2nd period - Slapshot by Rem Pitlick.
5:09 of 2nd period - Stopped by Louis Domingue with a rebound.
5:11 of 2nd period - Backhand shot by Rem Pitlick.
5:11 of 2nd period - Shot Misses the Net.
6:12 of 2nd period - Slapshot by Logan Brown.
6:12 of 2nd period - Stopped by Zachary Fucale with a rebound.
6:14 of 2nd period - Wrist shot by Logan Brown.
6:14 of 2nd period - Goal by Logan Brown - Phantoms : 2 - Gulls : 5.
6:14 of 2nd period - Kevin Lankinen enters game.
6:15 of 2nd period - Morgan Frost wins face-off versus Lucas Wallmarkk in neutral zone.
6:18 of 2nd period - Wrist shot by Jakub Vrana.
6:18 of 2nd period - Shot Blocked by Lucas Wallmarkk.
6:32 of 2nd period - Snap shot by Lucas Wallmarkk.
6:32 of 2nd period - Deflect By Joe Snively.
6:32 of 2nd period - Shot Blocked by Jakub Vrana.
6:32 of 2nd period - Puck is out of play.
6:33 of 2nd period - David Kampf wins face-off versus Mikhail Maltsev in Gulls zone.
6:42 of 2nd period - Wrist shot by A.J. Greer.
6:42 of 2nd period - Shot Blocked by Andrei Mironov.
6:44 of 2nd period - Slapshot by Andrey Pedan.
6:44 of 2nd period - Shot Misses the Net.
7:18 of 2nd period - Snap shot by Laurent Dauphin.
7:18 of 2nd period - Shot Misses the Net.
7:20 of 2nd period - Slapshot by Brett Murray.
7:20 of 2nd period - Stopped by Louis Domingue without a rebound.
7:21 of 2nd period - Laurent Dauphin wins face-off versus Morgan Frost in Gulls zone.
7:31 of 2nd period - Minor Penalty to Jakub Vrana for Tripping.
7:32 of 2nd period - Luke Kunin wins face-off versus Lucas Wallmarkk in Gulls zone.
7:40 of 2nd period - Wrist shot by Lucas Wallmarkk.
7:40 of 2nd period - Shot Blocked by Tarmo Reunanen.
7:42 of 2nd period - Snap shot by Blake Heinrich.
7:42 of 2nd period - Stopped by Louis Domingue without a rebound.
7:43 of 2nd period - Lucas Wallmarkk wins face-off versus Luke Kunin in Gulls zone.
7:48 of 2nd period - Snap shot by Joe Snively.
7:48 of 2nd period - Stopped by Louis Domingue with a rebound.
7:50 of 2nd period - Snap shot by Morgan Klimchuk.
7:50 of 2nd period - Shot Misses the Net.
7:52 of 2nd period - Snap shot by Morgan Klimchuk.
7:52 of 2nd period - Stopped by Louis Domingue with a rebound.
7:54 of 2nd period - Slapshot by Mikko Lehtonen.
7:54 of 2nd period - Stopped by Louis Domingue without a rebound.
7:55 of 2nd period - Luke Kunin wins face-off versus Lucas Wallmarkk in Gulls zone.
8:07 of 2nd period - Sergey Tolchinsky is hit by Joe Snively and loses puck.
9:04 of 2nd period - Slapshot by Joe Snively.
9:04 of 2nd period - Shot Blocked by Dean Kukan.
9:06 of 2nd period - Slapshot by Mikko Lehtonen.
9:06 of 2nd period - Stopped by Louis Domingue with a rebound.
9:08 of 2nd period - Slapshot by Blake Heinrich.
9:08 of 2nd period - Shot Misses the Net.
9:10 of 2nd period - Slapshot by Blake Heinrich.
9:10 of 2nd period - Deflect By Scott Wilson.
9:10 of 2nd period - Stopped by Louis Domingue with a rebound.
9:12 of 2nd period - Snap shot by Blake Heinrich.
9:12 of 2nd period - Stopped by Louis Domingue with a rebound.
9:31 of 2nd period - Penalty to Jakub Vrana is over, Jakub Vrana is back on ice.
9:41 of 2nd period - Slapshot by Kailer Yamamoto.
9:41 of 2nd period - Shot Misses the Net.
10:07 of 2nd period - Mikko Lehtonen is hit by Mikhail Maltsev and loses puck.
11:12 of 2nd period - Off-side.
11:13 of 2nd period - Luke Kunin wins face-off versus Cristoval Nieves in neutral zone.
11:20 of 2nd period - Andrey Pedan is hit by Luke Kunin and loses puck.
11:45 of 2nd period - David Kampf is hit by Logan Brown and loses puck.
12:11 of 2nd period - Snap shot by Laurent Dauphin.
12:11 of 2nd period - Stopped by Louis Domingue without a rebound.
12:12 of 2nd period - Cristoval Nieves wins face-off versus Morgan Frost in Gulls zone.
12:33 of 2nd period - Double Minor Penalty to Sergey Tolchinsky for Slashing.
12:34 of 2nd period - Lucas Wallmarkk wins face-off versus Luke Kunin in Gulls zone.
12:45 of 2nd period - Snap shot by Joe Snively.
12:45 of 2nd period - Stopped by Louis Domingue without a rebound.
12:46 of 2nd period - Lucas Wallmarkk wins face-off versus Luke Kunin in Gulls zone.
13:01 of 2nd period - Snap shot by Joe Snively.
13:01 of 2nd period - Deflect By Lucas Wallmarkk.
13:01 of 2nd period - Stopped by Louis Domingue without a rebound.
13:02 of 2nd period - Lucas Wallmarkk wins face-off versus Luke Kunin in Gulls zone.
13:07 of 2nd period - Slapshot by Joe Snively.
13:07 of 2nd period - Shot Blocked by Tarmo Reunanen.
13:41 of 2nd period - Slapshot by Rem Pitlick.
13:41 of 2nd period - Stopped by Louis Domingue with a rebound.
13:43 of 2nd period - Slapshot by Mikko Lehtonen.
13:43 of 2nd period - Deflect By Cristoval Nieves.
13:43 of 2nd period - Goal by Cristoval Nieves - Phantoms : 3 - Gulls : 5.
13:44 of 2nd period - Lucas Wallmarkk wins face-off versus Luke Kunin in neutral zone.
13:59 of 2nd period - Wrist shot by Lucas Wallmarkk.
13:59 of 2nd period - Stopped by Louis Domingue with a rebound.
15:29 of 2nd period - Mikhail Maltsev is hit by Andrey Pedan and loses puck.
15:43 of 2nd period - Penalty to Sergey Tolchinsky is over, Sergey Tolchinsky is back on ice.
15:59 of 2nd period - Riley Stillman is hit by Anton Blidh and loses puck.
16:18 of 2nd period - Riley Stillman is hit by Morgan Frost and loses puck.
16:27 of 2nd period - Jakub Vrana is hit by Matt Kiersted and loses puck.
17:35 of 2nd period - Tarmo Reunanen is hit by J.T. Brown and loses puck.
17:54 of 2nd period - Slapshot by Lucas Wallmarkk.
17:54 of 2nd period - Shot Misses the Net.
18:45 of 2nd period - Mikko Lehtonen is hit by Jakub Vrana and loses puck.
18:58 of 2nd period - Dylan DeMelo is hit by Laurent Dauphin and loses puck.
19:31 of 2nd period - Andrei Mironov is hit by Mikko Lehtonen and loses puck.
Goals for this period are 1 for Phantoms vs 3 for Gulls.
Shots for this period are 17 for Phantoms vs 5 for Gulls.
3rd period
0:01 of 3rd period - Morgan Klimchuk wins face-off versus Morgan Frost in neutral zone.
0:26 of 3rd period - Lucas Wallmarkk is hit by Luke Kunin.
0:30 of 3rd period - Dean Kukan is hit by Lucas Wallmarkk and loses puck.
0:37 of 3rd period - Wrist shot by Troy Terry.
0:37 of 3rd period - Shot Blocked by Rinat Valiev.
0:39 of 3rd period - Slapshot by Dean Kukan.
0:39 of 3rd period - Shot Blocked by Andrey Pedan.
1:06 of 3rd period - Icing by Andrey Pedan.
1:07 of 3rd period - Scott Wilson wins face-off versus Cristoval Nieves in Phantoms zone.
1:31 of 3rd period - Snap shot by Cristoval Nieves.
1:31 of 3rd period - Shot Misses the Net.
1:46 of 3rd period - Off-side.
1:47 of 3rd period - Logan Brown wins face-off versus Lucas Wallmarkk in neutral zone.
1:59 of 3rd period - Minor Penalty to Lucas Wallmarkk for Tripping.
2:00 of 3rd period - Rem Pitlick wins face-off versus Logan Brown in Phantoms zone.
2:26 of 3rd period - Cristoval Nieves is hit by Andrei Mironov and loses puck.
3:04 of 3rd period - Icing by Dylan DeMelo.
3:05 of 3rd period - Cristoval Nieves wins face-off versus Morgan Frost in Gulls zone.
3:35 of 3rd period - Off-side.
3:36 of 3rd period - Morgan Frost wins face-off versus Rem Pitlick in neutral zone.
3:59 of 3rd period - Penalty to Lucas Wallmarkk is over, Lucas Wallmarkk is back on ice.
4:30 of 3rd period - Off-side.
4:31 of 3rd period - Morgan Frost wins face-off versus Cristoval Nieves in neutral zone.
4:38 of 3rd period - Riley Stillman is hit by Jakub Vrana and loses puck.
6:20 of 3rd period - Snap shot by Lucas Wallmarkk.
6:20 of 3rd period - Shot Blocked by Dylan DeMelo.
6:36 of 3rd period - Logan Brown is hit by Joe Snively and loses puck.
7:02 of 3rd period - Wrist shot by Morgan Klimchuk.
7:02 of 3rd period - Shot Misses the Net.
7:38 of 3rd period - Snap shot by Logan Brown.
7:38 of 3rd period - Shot Misses the Net.
7:40 of 3rd period - Snap shot by Kailer Yamamoto.
7:40 of 3rd period - Shot Misses the Net.
7:47 of 3rd period - Off-side.
7:48 of 3rd period - Morgan Frost wins face-off versus Cristoval Nieves in neutral zone.
7:55 of 3rd period - Wrist shot by Sergey Tolchinsky.
7:55 of 3rd period - Shot Misses the Net.
8:13 of 3rd period - Mikhail Maltsev is hit by Andrey Pedan and loses puck.
8:24 of 3rd period - David Kampf is hit by Andrei Mironov and loses puck.
8:37 of 3rd period - Snap shot by Barrett Hayton.
8:37 of 3rd period - Stopped by Kevin Lankinen with a rebound.
8:45 of 3rd period - Snap shot by Brett Murray.
8:45 of 3rd period - Shot Misses the Net.
8:47 of 3rd period - Slapshot by Matt Kiersted.
8:47 of 3rd period - Stopped by Louis Domingue with a rebound.
9:10 of 3rd period - Tarmo Reunanen is hit by David Kampf and loses puck.
10:19 of 3rd period - Riley Stillman is hit by Dylan DeMelo and loses puck.
10:37 of 3rd period - Mikhail Maltsev is hit by Blake Heinrich and loses puck.
11:06 of 3rd period - Joe Snively is hit by Anton Blidh and loses puck.
11:31 of 3rd period - J.T. Brown is hit by Connor Clifton and loses puck.
11:47 of 3rd period - Matt Kiersted is hit by Barrett Hayton and loses puck.
11:58 of 3rd period - Troy Terry is hit by A.J. Greer and loses puck.
12:07 of 3rd period - Slapshot by Nick Sorensen.
12:07 of 3rd period - Shot Blocked by Tarmo Reunanen.
12:19 of 3rd period - Troy Terry is hit by Laurent Dauphin and loses puck.
12:24 of 3rd period - Slapshot by Brett Murray.
12:24 of 3rd period - Shot Blocked by Mikhail Maltsev.
12:26 of 3rd period - Slapshot by Andrey Pedan.
12:26 of 3rd period - Deflect By Laurent Dauphin.
12:26 of 3rd period - Shot Misses the Net.
12:26 of 3rd period - Puck is out of play.
12:27 of 3rd period - Logan Brown wins face-off versus David Kampf in Gulls zone.
12:44 of 3rd period - Anton Blidh is hit by David Kampf.
13:00 of 3rd period - Wrist shot by Cristoval Nieves.
13:00 of 3rd period - Stopped by Louis Domingue with a rebound.
13:40 of 3rd period - Snap shot by Laurent Dauphin.
13:40 of 3rd period - Stopped by Louis Domingue without a rebound.
13:41 of 3rd period - Anton Blidh wins face-off versus Cristoval Nieves in Gulls zone.
13:55 of 3rd period - Wrist shot by Anton Blidh.
13:55 of 3rd period - Stopped by Kevin Lankinen without a rebound.
13:56 of 3rd period - Lucas Wallmarkk wins face-off versus Sergey Tolchinsky in Phantoms zone.
14:28 of 3rd period - Snap shot by Joe Snively.
14:28 of 3rd period - Shot Blocked by Troy Terry.
14:48 of 3rd period - Wrist shot by Lucas Wallmarkk.
14:48 of 3rd period - Stopped by Louis Domingue with a rebound.
14:50 of 3rd period - Wrist shot by Morgan Klimchuk.
14:50 of 3rd period - Goal by Morgan Klimchuk - Phantoms : 4 - Gulls : 5.
14:51 of 3rd period - Logan Brown wins face-off versus Cristoval Nieves in neutral zone.
15:11 of 3rd period - Minor Penalty to J.T. Brown for Roughing.
15:12 of 3rd period - Lucas Wallmarkk wins face-off versus Logan Brown in Phantoms zone.
16:23 of 3rd period - Logan Brown is hit by Andrey Pedan and loses puck.
16:42 of 3rd period - Minor Penalty to Anton Blidh for Slashing.
16:43 of 3rd period - Logan Brown wins face-off versus Lucas Wallmarkk in Gulls zone.
17:11 of 3rd period - Penalty to J.T. Brown is over, J.T. Brown is back on ice.
17:22 of 3rd period - Snap shot by Sergey Tolchinsky.
17:22 of 3rd period - Stopped by Kevin Lankinen with a rebound.
17:43 of 3rd period - Off-side.
17:44 of 3rd period - Lucas Wallmarkk wins face-off versus Luke Kunin in neutral zone.
18:42 of 3rd period - Penalty to Anton Blidh is over, Anton Blidh is back on ice.
18:46 of 3rd period - Dylan DeMelo is hit by Andrey Pedan and loses puck.
18:51 of 3rd period - Phantoms, Kevin Lankinen is pulled from the net.
18:51 of 3rd period - Snap shot by David Kampf.
18:51 of 3rd period - Shot Misses the Net.
18:53 of 3rd period - Snap shot by A.J. Greer.
18:53 of 3rd period - Shot Misses the Net.
18:55 of 3rd period - Slapshot by Matt Kiersted.
18:55 of 3rd period - Stopped by Louis Domingue with a rebound.
19:09 of 3rd period - Snap shot by Joe Snively.
19:09 of 3rd period - Stopped by Louis Domingue without a rebound.
19:10 of 3rd period - Kevin Dineen call a timeout for Phantoms.
19:10 of 3rd period - Cristoval Nieves wins face-off versus Logan Brown in Gulls zone.
19:44 of 3rd period - Wrist shot by Jakub Vrana.
19:44 of 3rd period - Deflect By Mikko Lehtonen.
19:44 of 3rd period - Goal by Jakub Vrana - Phantoms : 4 - Gulls : 6.
19:44 of 3rd period - Kevin Lankinen from Phantoms was sent back in the game.
19:45 of 3rd period - Luke Kunin wins face-off versus David Kampf in neutral zone.
19:54 of 3rd period - Slapshot by Mikhail Maltsev.
19:54 of 3rd period - Stopped by Kevin Lankinen with a rebound.
19:56 of 3rd period - Snap shot by Troy Terry.
19:56 of 3rd period - Stopped by Kevin Lankinen without a rebound.
19:57 of 3rd period - David Kampf wins face-off versus Luke Kunin in Phantoms zone.
Goals for this period are 1 for Phantoms vs 1 for Gulls.
Shots for this period are 7 for Phantoms vs 6 for Gulls.